 Dungeon Crawl Stone Soup version 0.25-a0-253-g6f1b5d974a (webtiles) character file.

Game seed: 14345224082339895670, levelgen mode: classic

175 Borgoz the Slasher (level 5, -2/32 HPs)
             Began as a Gargoyle Gladiator on Dec 5, 2019.
             Killed from afar by an orc wizard (5 damage)
             ... with a magic dart
             ... on level 3 of the Dungeon.
             The game lasted 00:04:30 (2265 turns).

Borgoz the Slasher (Gargoyle Gladiator)             Turns: 2265, Time: 00:04:30

Health: -2/32      AC:  9    Str: 18    XL:     5   Next: 55%
Magic:  5/5        EV: 12    Int:  9    God:
Gold:   167        SH:  0    Dex: 11    Spells: 4/4 levels left

rFire    . . .     SeeInvis .   a - +0 long sword
rCold    . . .     Gourm    .   (no shield)
rNeg     + . .     Faith    .   b - +0 leather armour
rPois    ∞         Spirit   .   c - +0 helmet
rElec    +         Reflect  .   (no cloak)
rCorr    .         Harm     .   (no gloves)
MR       .....                  l - +0 pair of boots
Stlth    +.........             m - amulet of rage
HPRegen  0.10/turn              (no ring)
MPRegen  0.09/turn              (no ring)

@: no status effects
A: negative energy resistance 1, electricity resistance, unbreathing,
petrification resistance, rot immunity, AC +4
a: Evoke Berserk Rage


You were on level 3 of the Dungeon.
You were not hungry.

You visited 1 branch of the dungeon, and saw 3 of its levels.

You collected 167 gold pieces.

Inventory:

Hand Weapons
 a - a +0 long sword (weapon)
Missiles
 d - 3 throwing nets (quivered)
Armour
 b - a +0 leather armour (worn)
 c - a +0 helmet (worn)
 l - a +0 pair of boots (worn)
Jewellery
 m - an amulet of rage (around neck)
Scrolls
 g - a scroll of fog {unknown}
 h - 2 scrolls of remove curse {unknown}
 j - a scroll of identify {unknown}
 k - a scroll of enchant weapon {unknown}
Potions
 e - a potion of flight {unknown}
 n - a potion of might
Comestibles
 f - 4 rations
 o - 3 chunks of flesh


   Skills:
 + Level 3.3 Fighting
 * Level 3.9 Long Blades
 - Level 1.7 Throwing
 + Level 2.1 Armour
 + Level 3.1 Dodging
 + Level 0.5 Evocations


You had 4 spell levels left.
You didn't know any spells.
Your spell library was empty.

Dungeon Overview and Level Annotations

Branches:
Dungeon (3/15)

Altars:


Innate Abilities, Weirdness & Mutations

You are resistant to torment.
Your stone body is resilient. (AC +4)
You are immune to poison.
You resist negative energy. (rN+)
You are resistant to electric shocks. (rElec)
You can survive without breathing.
You are immune to petrification.
You are immune to rotting.


Message History

You barely miss the ooze.
The ooze is heavily wounded.
The ooze hits you but does no damage.
You hear some strange, mumbled words.
A magic dart appears from out of thin air!
The magic dart hits you.
* * * LOW HITPOINT WARNING * * *
The ooze barely misses you.
You riposte.
You hit the ooze.
The ooze is heavily wounded.
A hobgoblin comes into view.
Something hits you but does no damage. The ooze hits you but does no damage.
You closely miss something.
The hobgoblin shouts!
Something hits you but does no damage. The ooze hits you.
* * * LOW HITPOINT WARNING * * *
You miss something.
You hear some strange, mumbled words.
A magic dart appears from out of thin air!
The magic dart hits you.
You die...

.# +....... # #.#
.#+#...... . #.#..#
....g...#...
.#..%#+........#...
...#.#..........####
#######.#.#...............
...........#.#+#..........
#.#...........†)@.........
.#.............J{†........
#.#.#.#.#.#...............
.#.#.#.#.#............##
#.#.#.#.#...#+###.....###
.#.#.#.#'....#.##.........
#.#.#.#.#...#..)....##....
.#.#.#.#.....#.......#....
#.#+#.#.#.#.#........# ..


You could see an ooze and a hobgoblin.

Vanquished Creatures
  An orc priest (D:3)
  Terence (D:2)
  2 adders
  An ooze (D:1)
  3 worms
  A dart slug (D:2)
  A leopard gecko (D:3)
  An orc (D:3)
  2 ball pythons (D:1)
  8 bats
  7 giant cockroaches
  8 hobgoblins
  11 jackals
  10 kobolds
  A quokka (D:2)
  5 frilled lizards
  10 goblins
  7 rats
80 creatures vanquished.

Notes
Turn   | Place    | Note
-------+----------+-------------------------------------------
     0 | D:1      | Borgoz the Gargoyle Gladiator began the quest for the Orb.
     0 | D:1      | Reached XP level 1. HP: 12/12 MP: 1/1
   116 | D:1      | Reached XP level 2. HP: 16/18 MP: 2/2
   374 | D:1      | Reached skill level 1 in Armour
   374 | D:1      | Reached XP level 3. HP: 17/22 MP: 3/3
  1077 | D:2      | Reached XP level 4. HP: 24/27 MP: 4/4
  1364 | D:2      | Noticed Terence
  1378 | D:2      | Killed Terence
  1998 | D:3      | Reached XP level 5. HP: 32/32 MP: 5/5
  2265 | D:3      | Killed from afar by an orc wizard

Levels and vault maps discovered:
D:1:      lightli_iron_boxes, layout_basic
D:2:      layout_basic, chequers_hall_statues_corner_a, uniq_terence
D:3:      layout_basic, minivault_27

Skill      XL: |  1  2  3  4 |
---------------+-------------+-----
Long Blades    | 3 |  3.9
Armour         | 1 2 |  2.1
Fighting       | 3 |  3.3
Dodging        | 3 |  3.1
Throwing       | |  1.7
Evocations     | |  0.5

Action                   |  1- 3 |  4- 6 || total
-------------------------+-------+-------++-------
Melee: Long sword        |   137 |   140 ||   277
  Use: Potion            |       |     1 ||     1
  Eat: Chunk             |     1 |     4 ||     5
Armor: Leather armour    |    60 |    89 ||   149
Dodge: Dodged            |   105 |   115 ||   220
       Rpst.: Long sword |    29 |    42 ||    71

Table legend:
 A = Non-vault XP
 B = Vault XP
 C = Vault XP percentage of total XP
 D = Non-vault monster count
 E = Vault monster count
 F = Vault count percentage of total count
                 A         B        C        D         E       F
            +---------+---------+-------+---------+---------+-------
      Total |     214 |      36 |  14.4 |      79 |       1 |   1.2
            +---------+---------+-------+---------+---------+-------
        D:1 |      70 |       0 |   0.0 |      36 |       0 |   0.0
        D:2 |      58 |      36 |  38.3 |      25 |       1 |   3.8
        D:3 |      86 |       0 |   0.0 |      18 |       0 |   0.0
            +---------+---------+-------+---------+---------+-------
